Workbook

Sheet INTERGRATED statements
G1: 2016 | H1: 2017 | I1: 2018 | W1: 2016 | X1: 2017 | Y1: 2018 | Z1: 2019 | AA1: 2020 | AB1: 2021
A2: Average share price | G2: 43.62 | H2: 44.09 | I2: 45.09 | Q2: Average share price | W2: 43.62 | X2: 44.09 | Y2: 45.09
A3: Last historical year | D3: 43465 | Q3: Last historical year | T3: 43465
A4: Annual gross margin improvement | Q4: Annual gross margin improvement
Q5: Interest rate | U5: 0.0165
A6: Depreciation and amortization | Q6: Depreciation and amortization
Q7: Effective tax rate | W7: 0.194 | X7: 0.825 | Y7: 0.194 | Z7: =AVERAGE(W7:Y7) -> 0.40433333 | AA7: =AVERAGE(X7:Z7) -> 0.47444444 | AB7: =AVERAGE(Y7:AA7) -> 0.35759259
P8: Financial statements drivers
A9: Cocacola | D9: Units | G9: 2016 | H9: 2017 | I9: 2018 | J9: =2019 -> 2019 | K9: 2020 | L9: 2021 | P9: Income statement drivers
A10: Annual income statement
R11: Units | S11: 2016 | T11: 2017 | U11: 2018 | V11: 2019 | W11: 2020 | X11: 2021
A12: Total revenue | G12: 41863 | H12: 35410 | I12: 31856 | J12: =I12*V12 -> 45625.816 | K12: =J12*W12 -> 62062.184 | L12: =K12*X12 -> 83717.057 | P12: Total revenue | R12: % | S12: =G12/G14 -> 1.6482794 | T12: =H12/G14 -> 1.3942043 | U12: =I12/G14 -> 1.254272 | V12: =AVERAGE(S12:U12) -> 1.4322519 | W12: =AVERAGE(T12:V12) -> 1.3602427 | X12: =AVERAGE(U12:W12) -> 1.3489222
A13: Cost of revenue | G13: 16465 | H13: 13255 | I13: 11770 | J13: =I13*V13 -> 6409.1306 | K13: =J13*W13 -> 3268.3252 | L13: =K13*X13 -> 1653.6654 | P13: Cost of revenue | R13: % | S13: =G13/G14 -> 0.64827939 | T13: =H13/G14 -> 0.52189149 | U13: =I13/G14 -> 0.46342232 | V13: =AVERAGE(S13:U13) -> 0.54453107 | W13: =AVERAGE(T13:V13) -> 0.50994829 | X13: =AVERAGE(U13:W13) -> 0.50596722
A14: Gross profit | G14: =G12-G13 -> 25398 | H14: =H12-H13 -> 22155 | I14: =I12-I13 -> 20086 | J14: =J12-J13 -> 39216.685 | K14: =K12-K13 -> 58793.859 | L14: =L12-L13 -> 82063.392 | P14: Gross profit | R14: %
A15: Operating expenses | P15: Revenue growth | T15: =(H12/G12)-1 -> -0.15414567 | U15: =(I12/G12)-1 -> -0.23904164 | V15: 0.2 | W15: 0.19 | X15: =AVERAGE(V15:W15) -> 0.195
A16: Research and development | G16: 0 | H16: 0 | I16: 0 | J16: =I16 -> 0 | K16: =J16 -> 0 | L16: =K16 -> 0 | P16: Growth improvement | T16: =T15-S15 -> -0.15414567 | U16: =U15-T15 -> -0.08489597 | V16: =V15-U15 -> 0.43904164 | W16: =W15-V15 -> -0.01 | X16: =X15-W15 -> 0.005
A17: Sales general and admin | G17: 16741 | H17: 14566 | I17: 11386 | J17: =I17*V20 -> 9678.8821 | K17: =J17*W20 -> 7743.9922 | L17: =K17*X20 -> 6015.2413 | P17: SG&A revenue | S17: =G19/G12 -> 0.39989967 | T17: =H19/H12 -> 0.41135273 | U17: =I19/I12 -> 0.35742089 | V17: =J19/J12 -> 0.21213609 | W17: =K19/K12 -> 0.12477795 | X17: =L19/L12 -> 0.071852039
A18: Non recuring items | G18: 0 | H18: 0 | I18: 0 | J18: =I18 -> 0 | K18: =J18 -> 0 | L18: =K18 -> 0
A19: Total operating expenses | G19: =G17+G18 -> 16741 | H19: =H17+H18 -> 14566 | I19: =I17+I18 -> 11386 | J19: =J17+J18 -> 9678.8821 | K19: =K17+K18 -> 7743.9922 | L19: =L17+L18 -> 6015.2413 | P19: Operating expenses | R19: %
A20: Earnings before interest and tax | G20: =G14-G19 -> 8657 | H20: =H14-H19 -> 7589 | I20: =I14-I19 -> 8700 | J20: =J14-J19 -> 29537.803 | K20: =K14-K19 -> 51049.866 | L20: =L14-L19 -> 76048.151 | P20: Sales and general admin expenses | R20: % | S20: =G17/G19 -> 1 | T20: =H17/G19 -> 0.87007945 | U20: =I17/G19 -> 0.68012664 | V20: =AVERAGE(S20:U20) -> 0.85006869 | W20: =AVERAGE(T20:V20) -> 0.80009159 | X20: =AVERAGE(U20:W20) -> 0.77676231
A21: additional income/ expense | G21: -623 | H21: -1087 | I21: -439 | J21: =I21*V23 -> 48.179919 | K21: =J21*W23 -> -5.5173607 | L21: =K21*X23 -> 0.53614786 | P21: Depreciation | R21: % | S21: =G106/G19 -> 0.10674392 | T21: =H106/G19 -> 0.075264321 | U21: =I106/G19 -> 0.064870677 | V21: =AVERAGE(S21:U21) -> 0.082292973 | W21: =AVERAGE(T21:V21) -> 0.074142657 | X21: =AVERAGE(U21:W21) -> 0.073768769
A22: Earnings before tax | G22: 8669 | H22: 7583 | I22: 9269 | J22: =J20-J21 -> 29489.623 | K22: =K20-K21 -> 51055.384 | L22: =L20-L21 -> 76047.614 | R22: %
A23: Interest expense | G23: 733 | H23: 841 | I23: 919 | J23: =I27*V24 -> 856.46346 | K23: =J28*W24 -> 2883.342 | L23: =K27 -> 4465.1111 | P23: Additional income/expense | R23: % | S23: =G21/G28 -> -0.095449671 | T23: =H21/G28 -> -0.16653899 | U23: =I21/G28 -> -0.067259078 | V23: =AVERAGE(S23:U23) -> -0.10974925 | W23: =AVERAGE(T23:V23) -> -0.11451577 | X23: =AVERAGE(U23:W23) -> -0.097174699
A24: Income tax | G24: 1586 | H24: 5560 | I24: 1623 | J24: =V33 -> 418.506 | K24: =W33 -> 1.4345101 | L24: =X33 -> -0.058990137 | P24: Interest expense | R24: % | S24: =G23/G28 -> 0.11230274 | T24: =H23/G28 -> 0.12884939 | U24: =I23/G28 -> 0.14079975 | V24: =AVERAGE(S24:U24) -> 0.1273173 | W24: =AVERAGE(T24:V24) -> 0.13232215 | X24: =AVERAGE(U24:W24) -> 0.13347973
A25: Minority interest | G25: -23 | H25: -35 | I25: -42 | J25: =AVERAGE(G25:I25) -> -33.333333 | K25: =AVERAGE(H25:J25) -> -36.777778 | L25: =AVERAGE(I25:K25) -> -37.37037 | P25: Income tax expense | R25: % | S25: =G24/G28 -> 0.24299065 | T25: =H24/G28 -> 0.85184618 | U25: =I24/G28 -> 0.24865941 | V25: =AVERAGE(S25:U25) -> 0.44783208 | W25: =AVERAGE(T25:V25) -> 0.51611256 | X25: =AVERAGE(U25:W25) -> 0.40420135
A26: Equity earnings | G26: 835 | H26: 1071 | I26: 1008 | J26: =AVERAGE(G26:I26) -> 971.33333 | K26: =AVERAGE(H26:J26) -> 1016.7778 | L26: =AVERAGE(I26:K26) -> 998.7037 | R26: %
A27: Net income from continuing operations | G27: 8550 | H27: 1182 | I27: 6727 | J27: =AVERAGE(G27:I27) -> 5486.3333 | K27: =AVERAGE(H27:J27) -> 4465.1111 | L27: =AVERAGE(I27:K27) -> 5559.4815
A28: Net income | G28: 6527 | H28: 1248 | I28: 6434 | J28: =J22-J23-J24-J25-J26-J27 -> 21790.32 | K28: =K22-K23-K24-K25-K26-K27 -> 42725.496 | L28: =L22-L23-L24-L25-L26-L27 -> 65061.747 | P28: Amortisation of debt | R28: % | S28: =G129/29684 -> -0.86292279 | T28: =H129/H85 -> -0.92162145 | U28: =I129/I85 -> -1.2051727 | V28: =AVERAGE(S28:U28) -> -0.99657231 | W28: =AVERAGE(T28:V28) -> -1.0411221 | X28: =AVERAGE(U28:W28) -> -1.0809557
A29: Net income applicable to common shareholders | P29: Debt beginning balance | R29: % | V29: =I85 -> 25364 | W29: =V31 -> 86.940008 | X29: =W31 -> -3.5751598
A30: % growth in net revenues | G30: =(G28/7351)-1 -> -0.11209359 | H30: =(H28/G28)-1 -> -0.80879424 | I30: =(I28/H28)-1 -> 4.1554487 | J30: =(J28/I28)-1 -> 2.3867455 | K30: =(K28/J28)-1 -> 0.96075574 | L30: =(L28/K28)-1 -> 0.52278507 | P30: (-) Amortisation | R30: % | V30: =V28*V29 -> -25277.06 | W30: =W28*W29 -> -90.515168 | X30: =X28*X29 -> 3.8645894
A31: Percentage growth in revenues | G31: =G28/G22 -> 0.75291268 | H31: =H28/H22 -> 0.16457866 | I31: =I28/I22 -> 0.69414176 | J31: =J28/J22 -> 0.73891485 | K31: =K28/K22 -> 0.83684605 | L31: =L28/L22 -> 0.85553962 | P31: Ending debt balance | R31: % | V31: =V29+V30 -> 86.940008 | W31: =W29+W30 -> -3.5751598 | X31: =X29+X30 -> 0.28942961
R32: %
P33: Interest expense | R33: % | V33: =V29*U5 -> 418.506 | W33: =W29*U5 -> 1.4345101 | X33: =X29*U5 -> -0.058990137
A34: Net income per share from the continuing operations | G34: 1.51 | H34: 0.28 | I34: 1.58
A35: loss per share/net income from continued operations | G35: 0 | H35: 0.02 | I35: -0.07
A36: Basic net income per share | G36: =G34+G35 -> 1.51 | H36: =H34+H35 -> 0.3 | I36: =I34+I35 -> 1.51 | O36: Balance sheet drivers
P37: Days in sales outstanding
P38: Days sales of inventory
P39: Days payables outstanding
A45: Net income per share from the continuing operations
A46: loss per share/net income from continued operations
A47: Basic net income per share
A51: Balance sheet | G51: 2016 | H51: 2017 | I51: 2018 | J51: 2019 | K51: 2020 | L51: 2021
A53: ASSETS
A54: Current assets
A55: Cash and cash equivalents | H55: =H154 -> 6006 | I55: =I154 -> 8926 | J55: =J154 -> 8926.394 | K55: =K154 -> 8926.3939 | L55: =L154 -> 8926.3939
A56: Short-term investments | H56: 9352 | I56: 2025 | J56: =1.01*I56 -> 2045.25 | K56: =1.01*J56 -> 2065.7025 | L56: =1.01*K56 -> 2086.3595
A57: TOTAL CASH, CASH EQUIVALENTS AND SHORT-TERM INVESTMENTS | H57: =H55+H56 -> 15358 | I57: =I55+I56 -> 10951 | J57: =J55+J56 -> 10971.644 | K57: =K55+K56 -> 10992.096 | L57: =L55+L56 -> 11012.753
A59: Marketable securities | H59: 5317 | I59: 5013
A60: Trade accounts receivable, less allowances of $489 and $477, respectively | H60: 3667 | I60: 3396 | J60: =I60-489-477 -> 2430 | K60: =J60-489-477 -> 1464 | L60: =K60-489-477 -> 498
A61: Inventories | H61: 2655 | I61: 2766 | J61: =2700 -> 2700 | K61: 2760 | L61: 2700
A62: Prepaid expenses and other assets | H62: 2000 | I62: 1962 | J62: 1900 | K62: 1960 | L62: 1900
A63: Assets held for sale | H63: 219 | I63: 0 | J63: 0 | K63: =15867 -> 15867 | L63: 28000
A64: Assets held for sale — discontinued operations | H64: 7329 | I64: 6546 | L64: 20084
A65: TOTAL CURRENT ASSETS | H65: =SUM(H57:H64) -> 36545 | I65: =SUM(I57:I64) -> 30634 | J65: =SUM(J57:J64) -> 18001.644 | K65: =SUM(K57:K64) -> 33043.096 | L65: =SUM(L57:L64) -> 64194.753
A66: EQUITY METHOD INVESTMENTS | H66: 20856 | I66: 19407 | J66: =0.95*I66 -> 18436.65 | K66: =0.95*J66 -> 17514.817 | L66: =0.95*K66 -> 16639.077
A67: OTHER INVESTMENTS | H67: 1096 | I67: 867 | J67: =0.95*I67 -> 823.65 | K67: =0.95*J67 -> 782.4675 | L67: =0.95*K67 -> 743.34412
A68: OTHER ASSETS | H68: 4230 | I68: 4139 | J68: =I68 -> 4139 | K68: =I68 -> 4139 | L68: =K68 -> 4139
A69: DEFERRED INCOME TAX ASSETS | H69: 330 | I69: 2667 | J69: 0 | K69: 15867 | L69: 0
A70: PROPERTY, PLANT AND EQUIPMENT — net | H70: 8203 | I70: 8232 | J70: =I70-J106 -> 6965.9847 | K70: =J70-K106 -> 5507.2745 | L70: =K70-L106 -> 3833.2619
A71: TRADEMARKS WITH INDEFINITE LIVES | H71: 6729 | I71: 6682 | J71: =0.99*I71 -> 6615.18 | K71: =0.99*J71 -> 6549.0282 | L71: =0.99*K71 -> 6483.5379
A72: BOTTLERS’ FRANCHISE RIGHTS WITH INDEFINITE LIVES | H72: 138 | I72: 51 | J72: 29685 | K72: 0 | L72: 0
A73: GOODWILL | H73: 9401 | I73: 10263 | J73: =((I73-H73)/H73)+1*(I73) -> 10263.092 | K73: =((J73-I73)/I73)+1*(J73) -> 10263.092 | L73: =((K73-J73)/J73)+1*(K73) -> 10263.092
A74: OTHER INTANGIBLE ASSETS | H74: 368 | I74: 274 | J74: =0.95*I74 -> 260.3 | K74: =0.95*J74 -> 247.285 | L74: =0.95*K74 -> 234.92075
A75: TOTAL ASSETS | H75: =SUM(H65:H74) -> 87896 | I75: =SUM(I65:I74) -> 83216 | J75: =SUM(J65:J74) -> 95190.5 | K75: =SUM(K65:K74) -> 93913.061 | L75: =SUM(L65:L74) -> 106530.99
A76: LIABILITIES AND EQUITY
A77: CURRENT LIABILITIES
A78: Accounts payable and accrued expenses | H78: 8748 | I78: 8932 | J78: =1.1*I78 -> 9825.2 | K78: =1.1*J78 -> 10807.72 | L78: =1.1*K78 -> 11888.492
A79: Loans and notes payable | H79: 13205 | I79: 13194 | J79: =1.1*I79 -> 14513.4 | K79: =1.1*J79 -> 15964.74 | L79: =1.1*K79 -> 17561.214
A80: Current maturities of long-term debt | H80: 3298 | I80: 4997 | J80: =1.1*I80 -> 5496.7 | K80: =1.1*J80 -> 6046.37 | L80: =1.1*K80 -> 6651.007
A81: Accrued income taxes | H81: 410 | I81: 378 | J81: =1.1*I81 -> 415.8 | K81: =1.1*J81 -> 457.38 | L81: =1.1*K81 -> 503.118
A82: Liabilities held for sale — discontinued operations | H82: 37 | I82: 0 | J82: =1.1*I82 -> 0 | K82: =1.1*J82 -> 0 | L82: =1.1*K82 -> 0
A83: Liabilities held for sale — discontinued operations | H83: 1496 | I83: 1722 | J83: =1.1*I83 -> 1894.2 | K83: =1.1*J83 -> 2083.62 | L83: =1.1*K83 -> 2291.982
A84: TOTAL CURRENT LIABILITIES | H84: =SUM(H78:H83) -> 27194 | I84: =SUM(I78:I83) -> 29223 | J84: =SUM(J78:J83) -> 32145.3 | K84: =SUM(K78:K83) -> 35359.83 | L84: =SUM(L78:L83) -> 38895.813
A85: LONG-TERM DEBT | H85: 31182 | I85: 25364 | J85: =-((I85-H85)/H85)+1*(H85) -> 31182.187 | K85: =-((J85-I85)/I85)+1*(I85) -> 25363.771 | L85: =-((K85-J85)/J85)+1*(J85) -> 31182.373
A86: OTHER LIABILITIES | H86: 8021 | I86: 7638 | J86: =-((I86-H86)/H86)+1*(H86) -> 8021.0477 | K86: =-((J86-I86)/I86)+1*(I86) -> 7637.9498 | L86: =-((K86-J86)/J86)+1*(J86) -> 8021.0955
A87: DEFERRED INCOME TAX LIABILITIES | H87: 2522 | I87: 1933 | J87: =-((I87-H87)/H87)+1*(H87) -> 2522.2335 | K87: =-((J87-I87)/I87)+1*(I87) -> 1932.6952 | L87: =-((K87-J87)/J87)+1*(J87) -> 2522.4673
A88: THE COCA-COLA COMPANY SHAREOWNERS’ EQUITY
A89: Common stock, $0.25 par value; Authorized — 11,200 shares;
A90: Issued — 7,040 and 7,040 shares, respectively | H90: 1760 | I90: 1760 | J90: =I90 -> 1760 | K90: =J90 -> 1760 | L90: =K90 -> 1760
A91: Capital surplus | H91: 15864 | I91: 16520 | J91: =I91*1.2 -> 19824 | K91: =J91*1.2 -> 23788.8 | L91: =K91*1.2 -> 28546.56
A92: Reinvested earnings | H92: 60430 | I92: 63234 | J92: =((I92-H92)/H92*I92)+1*(I92) -> 66168.108 | K92: =((J92-I92)/I92*J92)+1*(J92) -> 69238.361 | L92: =((K92-J92)/J92*K92)+1*(K92) -> 72451.076
A93: Accumulated other comprehensive income (loss) | H93: -10305 | I93: -12814 | J93: =((I93-H93)/H93*I93)+1*(I93) -> -15933.876 | K93: =((J93-I93)/I93*J93)+1*(J93) -> -19813.362 | L93: =((K93-J93)/J93*K93)+1*(K93) -> -24637.401
A94: Treasury stock, at cost — 2,772 and 2,781 shares, respectively | H94: -50677 | I94: -51719 | J94: =((I94-H94)/H94*I94)+1*(I94) -> -52782.425 | K94: =((J94-I94)/I94*J94)+1*(J94) -> -53867.716 | L94: =((K94-J94)/J94*K94)+1*(K94) -> -54975.322
A95: EQUITY ATTRIBUTABLE TO SHAREOWNERS OF THE COCA-COLA COMPANY | H95: =SUM(H90:H94) -> 17072 | I95: =SUM(I90:I94) -> 16981 | J95: =SUM(J90:J94) -> 19035.806 | K95: =SUM(K90:K94) -> 21106.083 | L95: =SUM(L90:L94) -> 23144.912
A96: EQUITY ATTRIBUTABLE TO NONCONTROLLING INTERESTS | H96: 1905 | I96: 2077 | J96: =1.1*I96 -> 2284.7 | K96: =1.1*J96 -> 2513.17 | L96: =1.1*K96 -> 2764.487
A97: TOTAL EQUITY | H97: =H95+H96 -> 18977 | I97: =I95+I96 -> 19058 | J97: =J95+J96 -> 21320.506 | K97: =K95+K96 -> 23619.253 | L97: =L95+L96 -> 25909.399
A98: TOTAL LIABILITIES AND EQUITY | H98: =H97+H84+H85+H86+H87 -> 87896 | I98: =I97+I84+I85+I86+I87 -> 83216 | J98: =J97+J84+J85+J86+J87 -> 95191.274 | K98: =K97+K84+K85+K86+K87 -> 93913.498 | L98: =L97+L84+L85+L86+L87 -> 106531.15
A101: Cash flows | G101: 2016 | H101: 2017 | I101: 2018 | J101: 2019 | K101: 2020 | L101: 2021
A102: operating activities
A103: Consolidated net income | G103: =G28 -> 6527 | H103: =H28 -> 1248 | I103: =I28 -> 6434 | J103: =J28 -> 21790.32 | K103: =K28 -> 42725.496 | L103: =L28 -> 65061.747
A104: (Income) loss from discontinued operations | G104: 251 | H104: -101 | I104: =0 -> 0
A105: Net income from continuing operations | G105: =G103+G104 -> 6778 | H105: =H103+H104 -> 1147 | I105: =I103+I104 -> 6434 | J105: =J103+J104 -> 21790.32 | K105: =K103+K104 -> 42725.496 | L105: =L103+L104 -> 65061.747
A106: Depreciation and amortization | G106: 1787 | H106: 1260 | I106: 1086 | J106: =I106*(1+W131) -> 1266.0153 | K106: =J106*(1+X131) -> 1458.7102 | L106: =K106*(1+Y131) -> 1674.0126
A107: Stock-based compensation expense | G107: 258 | H107: 219 | I107: 225 | J107: =I107*(1+W132) -> 231.33916 | K107: =J107*(1+X132) -> 237.73134 | L107: =K107*(1+Y132) -> 244.20297
A108: Deferred income taxes | G108: -856 | H108: -1256 | I108: -450 | J108: =I108*(1*V133) -> 31.473422 | K108: =J108*(1*W133) -> -12.668039 | L108: =K108*(1*X133) -> 6.2447132
A109: Equity (income) loss — net of dividends | G109: -449 | H109: -628 | I109: -457 | J109: =I109*(1+V134) -> -424.53979 | K109: =J109*(1+W134) -> -335.93839 | L109: =K109*(1+X134) -> -248.26588
A110: Foreign currency adjustments | G110: 158 | H110: 281 | I110: -38 | J110: =I110*(1+V135) -> -37.834023 | K110: =J110*(1+W135) -> -38.476074 | L110: =K110*(1+X135) -> -39.112592
A111: Significant (gains) losses on sales of assets — net | G111: 1146 | H111: 1459 | I111: 189 | J111: =I111+(W136+1) -> 189.93762 | K111: 0 | L111: 0
A112: Other operating charges | G112: 647 | H112: 1218 | I112: 558 | J112: =1.02*(1+I112) -> 570.18 | K112: =1.02*J112 -> 581.5836 | L112: =1.02*K112 -> 593.21527
...

Sheet DCF
A1: Discounted cash flow analyssis
E5: 2017 | F5: 2018 | G5: 2019 | H5: 2020 | I5: 2021
A6: EBIT | E6: ='INTERGRATED statements'!G22 -> 8669 | F6: ='INTERGRATED statements'!H22 -> 7583 | G6: ='INTERGRATED statements'!I22 -> 9269 | H6: ='INTERGRATED statements'!J22 -> 29489.623 | I6: ='INTERGRATED statements'!K22 -> 51055.384
A8: Csot of capital 10% | C8: 0.1
A9: Present value of cashflow | E9: 2017 | F9: 2018 | G9: 2019 | H9: 2020 | I9: 2021
D10: Year | E10: 1 | F10: 2 | G10: 3 | H10: 4 | I10: 5
A11: Discounting factor | E11: =1/((1+C8)^E10) -> 0.90909091 | F11: =1/((1+C8)^F10) -> 0.82644628 | G11: =1/((1+C8)^G10) -> 0.7513148 | H11: =1/((1+C8)^H10) -> 0.68301346 | I11: =1/((1+C8)^I10) -> 0.62092132
A12: *resent value of cash flows | E12: =E6*E11 -> 7880.9091 | F12: =F6*F11 -> 6266.9421 | G12: =G6*G11 -> 6963.9369 | H12: =H6*H11 -> 20141.81 | I12: =I6*I11 -> 31701.376

Sheet WACC
F2: 2017 | G2: 2018 | H2: 2019 | I2: 2020 | J2: 2021 | K2: 2022
D3: Effective tax rate | F3: 0.825 | G3: 0.194 | H3: 0.195 | I3: =AVERAGE(F3:H3) -> 0.40466667 | J3: =AVERAGE(G3:I3) -> 0.26455556 | K3: =AVERAGE(H3:J3) -> 0.28807407
D4: Before new tax code | F4: =I3 -> 0.40466667
D5: After new tax code | F5: 0.195
B8: Debt | C8: Total current liabilities | F8: ='INTERGRATED statements'!J84 -> 32145.3
C9: Totla long term liabilities | F9: ='INTERGRATED statements'!J85 -> 31182.187
C10: Total liabilities | F10: =F8+F9 -> 63327.487
C13: rd
C14: re | D14: =Sheet3!B5 -> 0.028
C15: D | D15: =F10 -> 63327.487
C16: Stock price | D16: 150
C17: Outstanding shares | D17: =11200-7040 -> 4160
C18: E | D18: =D16*D17 -> 624000
C19: D+V=V | D19: =D18+F10 -> 687327.49

Sheet Sheet3
A2: Risk free rate | B2: 0.028
A3: Yield | B3: 0.035
A4: Beta | B4: 1.5
B5: =B2+(F6*(B4-B2)) -> 0.028
